 Dungeon Crawl Stone Soup version 0.25.1-2-g60ff931df9 (webtiles) character file.

Game seed: 3949692234789833572

66 pokeman the Magician (level 3, 0/20 HPs)
             Began as a Deep Elf Wizard on Oct 23, 2020.
             Succumbed to an adder's poison
             ... on level 2 of the Dungeon.
             The game lasted 00:03:05 (1939 turns).

pokeman the Magician (Deep Elf Wizard)              Turns: 1939, Time: 00:03:06

Health: 0/20       AC:  4    Str:  4    XL:     3   Next: 96%
Magic:  0/11       EV: 11    Int: 23    God:
Gold:   30         SH:  0    Dex: 13    Spells: 1/12 levels left

rFire    . . .     SeeInvis .   i - +2 dagger (flame)
rCold    . . .     Gourm    .   (no shield)
rNeg     . . .     Faith    .   k - +0 leather armour
rPois    .         Spirit   .   j - +0 helmet
rElec    .         Reflect  .   (no cloak)
rCorr    .         Harm     .   (no gloves)
MR       .....                  (no boots)
Stlth    ++........             (no amulet)
HPRegen  0.06/turn              (no ring)
MPRegen  0.12/turn              (no ring)

@: lethally poisoned (0 -> -7), very slightly contaminated, hasted, very quick
A: no striking features
a: no special abilities


You were on level 2 of the Dungeon.
You were not hungry.

You visited 1 branch of the dungeon, and saw 2 of its levels.

You collected 30 gold pieces.

Inventory:

Hand Weapons
 i - a +2 dagger of flaming (weapon)
Armour
 j - a +0 helmet (worn)
 k - a +0 leather armour (worn)
Scrolls
 b - a scroll of random uselessness {unknown}
 e - a scroll of identify {unknown}
 f - a scroll of amnesia {unknown}
 g - a scroll of enchant armour {unknown}
 h - 4 scrolls of teleportation {unknown}
Potions
 c - 3 potions of haste
Comestibles
 a - a chunk of flesh
 d - 3 rations


   Skills:
 - Level 1.0 Fighting
 - Level 1.0 Armour
 + Level 2.4 Dodging
 - Level 2.4 Stealth
 * Level 5.4 Spellcasting
 * Level 2.1 Conjurations
 - Level 1.1 Summonings
 - Level 1.1 Translocations
 + Level 0.3 Poison Magic


You had one spell level left.
You knew the following spells:

 Your Spells              Type           Power        Failure   Level  Hunger
a - Magic Dart            Conj           ###.         6%          1    None
b - Mephitic Cloud        Conj/Pois/Air  ##......     32%         3    ##.....
c - Call Imp              Summ           ##......     16%         2    None
d - Blink                 Tloc           N/A          16%         2    None
e - Conjure Flame         Conj/Fire      ##......     30%         3    ##.....

Your spell library contained the following spells:

 Spells                   Type           Power        Failure   Level  Hunger
 Slow                     Hex            #.......     24%         2    None


Dungeon Overview and Level Annotations

Branches:
Dungeon (2/15)

Altars:
The Shining One


Message History

Casting: Magic Dart (safe; 7% risk of failure)
Confirm with . or Enter, or press ? or * to list all spells.
You don't have enough magic to cast that spell.
Unknown command.
You completely miss the adder.
The adder is almost dead.
* * * LOW HITPOINT WARNING * * *
You feel sick.
The adder bites you but does no damage. x2
Casting: Magic Dart (safe; 7% risk of failure)
Confirm with . or Enter, or press ? or * to list all spells.
Aiming: Magic Dart (safe; 7% risk of failure)
Press: ? - help, Shift-Dir - straight line, f/p - jackal
Aim: a jackal The magic dart hits the adder.
You kill the adder!
The jackal misses you.
It was a potion of haste.
You feel yourself speed up.
* * * LOW HITPOINT WARNING * * *
You feel sick. The jackal barely misses you.
You die...

..≈S≈≈≈.#
###############
#..≈≈..#
#..............
#.#
#.#############
#.# #.# # #.#
#.# # #h# #.# #
#h# #.# #
#.###.# #
#.@...# .
#######


You could see 2 jackals.

Vanquished Creatures
  2 adders (D:2)
  An ooze (D:2)
  4 dart slugs (D:1)
  A leopard gecko (D:1)
  4 bats
  5 giant cockroaches
  A goblin (D:1)
  3 hobgoblins (D:1)
  A jackal (D:2)
  2 frilled lizards (D:2)
  10 kobolds
  A rat (D:1)
35 creatures vanquished.

Notes
Turn   | Place    | Note
-------+----------+-------------------------------------------
     0 | D:1      | pokeman the Deep Elf Wizard began the quest for the Orb.
     0 | D:1      | Reached XP level 1. HP: 10/10 MP: 7/7
   473 | D:1      | Reached XP level 2. HP: 16/16 MP: 6/9
   543 | D:1      | Found a glowing golden altar of the Shining One.
   915 | D:1      | Reached skill level 5 in Spellcasting
  1211 | D:1      | Reached XP level 3. HP: 20/20 MP: 8/11
  1216 | D:1      | Learned a level 3 spell: Mephitic Cloud
  1219 | D:1      | Learned a level 2 spell: Call Imp
  1222 | D:1      | Learned a level 2 spell: Blink
  1226 | D:1      | Learned a level 3 spell: Conjure Flame
  1746 | D:2      | Reached skill level 1 in Fighting
  1848 | D:2      | Reached skill level 1 in Armour
  1935 | D:2      | HP: 1/20 [poisoned by an adder]
  1939 | D:2      | Succumbed to an adder's poison

Illustrated notes

Levels and vault maps discovered:
D:1:      nzn_arrival_water_spiral, layout_loops_ring, tso_metal_star
D:2:      layout_basic, overflow_temple_1_default, old_standard_altar,
          serial_rivers, chequers_serial_rivers_micro_d,
          chequers_serial_rivers_room_a, chequers_serial_rivers_small_3,
          chequers_serial_rivers_marsh, chequers_serial_rivers_room_a,
          chequers_serial_rivers_micro_d

Skill      XL: |  1  2  3 |
---------------+----------+-----
Spellcasting   | 5 |  5.4
Fighting       | 1 |  1.0
Armour         | 1 |  1.0
Conjurations   | 2 |  2.1
Dodging        | |  2.4
Stealth        | |  2.4
Summonings     | |  1.1
Translocations | |  1.1
Poison Magic   | |  0.3

Action                   || total
-------------------------++-------
Melee: Dagger            ||     2
 Cast: Magic Dart        ||   107
  Use: Potion            ||     1
  Eat: Chunk             ||     3
Armor: Robe              ||     1
       Leather armour    ||     2
Dodge: Dodged            ||    11
